 Dungeon Sprint DCSS version 0.27.1-1-g398f81649c (webtiles) character file.

Game seed: 18137731171885191776

23789 ugugthedestroyer the Corrupter of Planes (level 12, -7/125 HPs)
             Began as a Pale Draconian Abyssal Knight on Sept 7, 2021.
             Was the Champion of Lugonu.
             Mangled by a deep troll earth mage (11 damage)
             ... in the Dungeon (Sprint IX: "|||||||||||||||||||||||||||||").
             The game lasted 00:11:15 (2608 turns).

ugugthedestroyer the Corrupter of Planes (DrAK)     Turns: 2608, Time: 00:11:16

Health: -7/125     AC: 14    Str: 22    XL:     12   Next: 74%
Magic:  6/25       EV: 17    Int: 14    God:    Lugonu [******]
Gold:   1940       SH:  0    Dex: 13    Spells: 11/11 levels left

rFire    . . .     SeeInvis .   j - +6 scimitar (distort)
rCold    . . .     Faith    .   (no shield)
rNeg     . . .     Spirit   .   (armour unavailable)
rPois    .         Reflect  .   (helmet restricted)
rElec    .         Harm     .   l - +2 cloak
rCorr    .         Rampage  .   w - +1 pair of gloves
Will     .....     NoTele   +   r - +0 pair of boots
Stlth    +++.......             (no amulet)
HPRegen  0.30/turn              m - +3 ring of strength
MPRegen  0.19/turn              n - +3 ring of dexterity

@: no status effects
A: breathe steam, AC +8, unfitting armour, cold-blooded, steam resistance
a: Breathe Steam, Renounce Religion, Bend Space, Banish, Corrupt


You were in the Dungeon.
You worshipped Lugonu.
Lugonu was exalted by your worship.
You visited 1 branch You collected 1940 gold pieces.

Inventory:

Hand Weapons
 a - a +1 falchion
 j - a +6 scimitar of distortion (weapon)
Armour
 k - a +0 pair of gloves
 l - a +2 cloak (worn)
 r - a +0 pair of boots (worn)
 w - a +1 pair of gloves (worn)
Jewellery
 m - a +3 ring of strength (left hand)
 n - a +3 ring of dexterity (right hand)
 s - a ring of willpower
 t - a ring of fire
 u - a ring of see invisible
 v - a ring of willpower
Wands
 i - a wand of acid (10)
Scrolls
 g - 3 scrolls of blinking
 h - 2 scrolls of amnesia
 o - 2 scrolls of fear
 p - 2 scrolls of fog
 q - 3 scrolls of identify
Potions
 b - 6 potions of curing
 d - a potion of berserk rage
 e - 4 potions of magic
 f - 5 potions of brilliance


   Skills:
 + Level 17.2 Fighting
 + Level 17.2 Long Blades
 + Level 12.2 Dodging
 - Level 6.0 Stealth
 * Level 19.3 Invocations


You had 11 spell levels left.
You didn't know any spells.
Your spell library was empty.

Dungeon Overview and Level Annotations

Branches:
Dungeon (1/1)

Altars:
Cheibriados
Dithmenos
Elyvilon
Fedhas
Gozag
Hepliaklqana
Kikubaaqudgha
Makhleb
Nemelex Xobeh
Okawaru
Qazlal
Ru
Sif Muna
Trog
Uskayaw
Vehumet
Wu Jian
Xom
Yredelemnul
Zin
The Shining One
Beogh
Jiyva
Lugonu

Shops:
D :(?[


Innate Abilities, Weirdness & Mutations

You can breathe blasts of scalding, opaque steam.
Your pale cyan-grey scales are hard. (AC +8)
You cannot fit into any form of body armour.
You are cold-blooded and may be slowed by cold attacks.
You are immune to the effects of steam.


Message History

A deep troll earth mage comes into view.
Unknown command.
You slice the orc knight!!
You tail-slap the orc knight, but do no damage.
The orc knight is heavily wounded.
You have got your breath back.
Unknown command.
You feel much better.
The orc knight hits you with a +0 battleaxe.
* * * LOW HITPOINT WARNING * * *
You slash the orc knight!
The orc knight is severely wounded.
The orc knight blinks!
Unknown command.
You see here a +0 flail.
The orc knight closely misses you.
You riposte.
You hit the orc knight.
The orc knight is severely wounded.
The orc knight blinks!
The cyclops throws a large rock.
The large rock hits you but does no damage.
You hit the orc knight.
Space bends around the orc knight.
The orc knight is severely wounded.
The orc knight barely misses you.
You completely miss the orc knight.
The orc knight is severely wounded.
The orc knight hits you with a +0 battleaxe!!
* * * LOW HITPOINT WARNING * * *
You barely miss the orc knight.
The orc knight is severely wounded.
You slice the orc knight!!
You kill the orc knight!
Lugonu accepts your kill.
Things that are here:
a +0 battleaxe; a +0 plate armour; an orc corpse The cyclops misses you.
You riposte.
You slash the cyclops!
You kill the cyclops!
Lugonu accepts your kill.
A fire dragon comes into view.
The deep troll earth mage bites you!
You die...

▓.▓.▓∩▓.▓.▓.▓.▓
▓D▓.▓)▓.▓.▓.▓.▓
▓.▓.▓)▓.▓.▓.▓)▓
▓.▓.▓.▓.▓.▓.▓.▓
▓'▓.▓)▓.▓.▓.▓.▓
▓.▓.▓)▓.▓†▓.▓'▓
▓)▓.▓'▓.▓.▓.▓_▓
▓T▓.▓.▓.▓.▓.▓_▓
▓@▓.▓.▓.▓.▓.▓_▓
▓.▓.▓.▓.▓÷▓.▓_▓
▓)▓.▓.▓.▓.▓.▓_▓
▓.▓.▓.▓.▓÷▓.▓_▓
▓!▓.▓)▓.▓÷▓.▓_▓
▓.▓.▓.▓.▓÷▓.▓_▓
▓.▓.▓)▓.▓.▓.▓_▓
▓[▓.▓)▓.▓†▓.▓_▓
▓[▓.▓)▓.▓.▓.▓_▓


You could see a fire dragon (wandering) and a deep troll earth mage.

Vanquished Creatures
  A hydra (D)
  Erolcha (D)
  Erica (D)
  11 orc high priests (D)
  A skeletal warrior (D)
  An orc knight (D)
  An ugly thing (D)
  An orc sorcerer (D)
  A cyclops (D)
  A manticore (D)
  9 elephants (D)
  Joseph (D)
  A black mamba (D)
  A rime drake (D)
  3 komodo dragons (D)
  A polar bear (D)
  2 trolls (D)
  A blink frog (D)
  A basilisk (D)
  3 water moccasins (D)
  12 orc warriors (D)
  An ogre (D)
  A centaur (D)
  A wolf (D)
  A kobold brigand (D)
  4 bullfrogs (D)
  2 hounds (D)
  6 orc priests (D)
  An iguana (D)
  3 orc wizards (D)
  A worm (D)
  5 orcs (D)
  A giant cockroach (D)
  A quokka (D)
  2 bats (D)
  A giant cockroach zombie (D)
  A rat (D)
87 creatures vanquished.

Notes
Turn   | Place    | Note
-------+----------+-------------------------------------------
     0 | D        | ugugthedestroyer the Draconian Abyssal Knight began the
                  | quest for the Orb.
     0 | D        | Reached XP level 1. HP: 19/19 MP: 2/2
     6 | D        | Reached ** piety under Lugonu
    26 | D        | Noticed an iguana
    26 | D        | Noticed an ogre
    26 | D        | Noticed a hound
    26 | D        | Noticed a hound
    33 | D        | Killed a hound
    33 | D        | Reached *** piety under Lugonu
    34 | D        | Reached skill level 5 in Fighting
    34 | D        | Reached XP level 2. HP: 30/30 MP: 3/3
    34 | D        | Reached XP level 3. HP: 37/37 MP: 4/4
    42 | D        | Reached XP level 4. HP: 45/45 MP: 4/6
    46 | D        | Killed an ogre
    47 | D        | Reached skill level 5 in Long Blades
    47 | D        | Reached skill level 5 in Dodging
    47 | D        | Reached skill level 3 in Invocations
    47 | D        | Reached XP level 5. HP: 26/53 MP: 4/7
    55 | D        | Reached **** piety under Lugonu
    60 | D        | Found a snail-covered altar of Cheibriados.
    60 | D        | Found a shadowy altar of Dithmenos.
    60 | D        | Found a white marble altar of Elyvilon.
    60 | D        | Found a blossoming altar of Fedhas.
    60 | D        | Found an opulent altar of Gozag.
    61 | D        | Found a hazy altar of Hepliaklqana.
    62 | D        | Found a viscous altar of Jiyva.
    63 | D        | Found an ancient bone altar of Kikubaaqudgha.
    64 | D        | Found a corrupted altar of Lugonu.
    65 | D        | Found a burning altar of Makhleb.
    66 | D        | Found a sparkling altar of Nemelex Xobeh.
    67 | D        | Found an iron altar of Okawaru.
    68 | D        | Found a stormy altar of Qazlal.
    69 | D        | Found a sacrificial altar of Ru.
    70 | D        | Found a shimmering blue altar of Sif Muna.
    71 | D        | Found a bloodstained altar of Trog.
    72 | D        | Found a hide-covered altar of Uskayaw.
    73 | D        | Found a radiant altar of Vehumet.
    74 | D        | Found an ornate altar of the Wu Jian Council.
    75 | D        | Found a shimmering altar of Xom.
    76 | D        | Found a basalt altar of Yredelemnul.
    77 | D        | Found a glowing silver altar of Zin.
    78 | D        | Found a glowing golden altar of the Shining One.
   260 | D        | Noticed a two-headed ogre
   260 | D        | Noticed an orc warrior
   260 | D        | Noticed a troll
   260 | D        | Noticed a centaur
   264 | D        | Killed a centaur
   265 | D        | Reached skill level 4 in Invocations
   270 | D        | Killed a troll
   271 | D        | Reached skill level 10 in Fighting
   271 | D        | Reached skill level 1 in Stealth
   271 | D        | Reached skill level 5 in Invocations
   271 | D        | Reached XP level 6. HP: 36/67 MP: 7/10
   278 | D        | Reached skill level 6 in Invocations
   278 | D        | Your scales start taking on a pale cyan-grey colour.
   278 | D        | Reached XP level 7. HP: 26/73 MP: 8/11
   278 | D        | Gained mutation: You are immune to the effects of steam.
                  | [Pale Draconian growth]
   278 | D        | Reached ***** piety under Lugonu
   279 | D        | Banished a two-headed ogre
   280 | D        | Reached skill level 7 in Invocations
   280 | D        | Reached XP level 8. HP: 29/82 MP: 4/13
   286 | D        | Reached skill level 10 in Long Blades
   523 | D        | Noticed a manticore
   523 | D        | Noticed a brown ugly thing
   523 | D        | Noticed a troll
   523 | D        | Noticed an efreet
   523 | D        | Noticed a brown ugly thing
   534 | D        | Banished a brown ugly thing
   535 | D        | Reached skill level 8 in Invocations
   535 | D        | HP: 2/83 [efreet/bolt of fire (26)]
   536 | D        | Banished an efreet
   537 | D        | Reached skill level 9 in Invocations
   537 | D        | Reached XP level 9. HP: 3/90 MP: 1/16
   540 | D        | Killed a troll
   544 | D        | Killed a brown ugly thing
   545 | D        | Reached skill level 5 in Stealth
   545 | D        | Reached skill level 10 in Invocations
   837 | D        | Killed a manticore
   838 | D        | Reached skill level 11 in Invocations
   957 | D        | Noticed a komodo dragon
   962 | D        | Noticed a komodo dragon
   962 | D        | Noticed a komodo dragon
   969 | D        | Reached ****** piety under Lugonu
   971 | D        | Killed a komodo dragon
   972 | D        | Reached skill level 12 in Invocations
   972 | D        | Killed a komodo dragon
   973 | D        | Reached XP level 10. HP: 71/100 MP: 17/19
  1084 | D        | Noticed an elephant
  1084 | D        | Noticed a black mamba
  1088 | D        | Reached skill level 13 in Invocations
  1093 | D        | Killed a black mamba
  1093 | D        | Noticed an eight-headed hydra
  1101 | D        | Killed an elephant
  1102 | D        | Reached skill level 14 in Invocations
  1113 | D        | Killed a five-headed hydra
  1309 | D        | Noticed an elephant
  1309 | D        | Noticed an elephant
  1309 | D        | Noticed an elephant
  1309 | D        | Noticed an elephant
  1309 | D        | Noticed an elephant
  1309 | D        | Noticed an elephant
  1316 | D        | Killed an elephant
  1317 | D        | Reached skill level 15 in Invocations
  1319 | D        | Killed an elephant
  1321 | D        | Killed an elephant
  1322 | D        | Reached skill level 10 in Dodging
  1327 | D        | Killed an elephant
  1328 | D        | Reached XP level 11. HP: 87/108 MP: 22/22
  1354 | D        | Reached skill level 16 in Invocations
  1712 | D        | Noticed an ettin
  1720 | D        | Banished an ettin
  1886 | D        | Noticed an orc sorcerer
  1886 | D        | Noticed an orc high priest
  1892 | D        | Killed an orc high priest
  1897 | D        | Killed an orc sorcerer
  1898 | D        | Reached skill level 15 in Long Blades
  1898 | D        | Noticed an orc high priest
  1908 | D        | Reached skill level 17 in Invocations
  1914 | D        | Killed an orc high priest
  1925 | D        | Reached skill level 15 in Fighting
  2097 | D        | Found Xot Ulaf's Antique Armour Boutique.
  2097 | D        | Noticed an orc high priest
  2097 | D        | Noticed an orc high priest
  2097 | D        | Noticed an orc high priest
  2098 | D        | Noticed an orc high priest
  2102 | D        | Killed an orc high priest
  2106 | D        | Killed an orc high priest
  2106 | D        | Found Vugryk's Magic Scroll Shop.
  2107 | D        | Noticed an orc high priest
  2108 | D        | Found Baonaemi's Antique Weapon Boutique.
  2108 | D        | Noticed an orc high priest
  2109 | D        | Killed an orc high priest
  2113 | D        | Killed an orc high priest
  2116 | D        | Found Tare's Book Shop.
  2117 | D        | Noticed a sun demon
  2117 | D        | Noticed an orc high priest
  2123 | D        | Noticed an orc high priest
  2133 | D        | Killed an orc high priest
  2134 | D        | Reached XP level 12. HP: 81/122 MP: 24/24
  2135 | D        | Killed an orc high priest
  2136 | D        | Killed an orc high priest
  2138 | D        | Noticed an orc high priest
  2141 | D        | Killed an orc high priest
  2148 | D        | Killed an orc high priest
  2149 | D        | Reached skill level 18 in Invocations
  2374 | D        | Noticed Erolcha
  2386 | D        | Killed Erolcha
  2389 | D        | Noticed Joseph
  2402 | D        | Killed Joseph
  2426 | D        | Noticed Erica
  2435 | D        | Killed Erica
  2533 | D        | Identified a +4 scimitar of distortion (a +2 scimitar of
                  | flaming corrupted by Lugonu)
  2533 | D        | Received a gift from Lugonu
  2571 | D        | Noticed a centaur warrior
  2571 | D        | Noticed a centaur warrior
  2571 | D        | Noticed a centaur warrior
  2580 | D        | Banished a centaur warrior
  2582 | D        | Banished a centaur warrior
  2583 | D        | Banished a centaur warrior
  2585 | D        | Reached skill level 19 in Invocations
  2594 | D        | Noticed a deep troll earth mage
  2603 | D        | HP: 2/125 [orc knight (19)]
  2608 | D        | Noticed a fire dragon
  2608 | D        | Mangled by a deep troll earth mage

Illustrated notes

Levels and vault maps discovered:
D:        linesprint [early_d, line_temple, items_1, d_10, items_2, lair_1,
          lair_end, items_3, orc_1, orc_end, items_4, d_15, swamp_1, shoals_1,
          snake_1, spider_1, d_20, vaults_1, items_5, swamp_end, shoals_end,
          snake_end, spider_end, vaults_end, d_27, items_6, zot_1, zot_end,
          crypt_end, forest_end, elf_end, slime_end, tomb_end, abyss_end,
          pan_hell_end]

Skill      XL: |  1  2  3  4  5  6  7  8  9 10 11 12 |
---------------+-------------------------------------+-----
Fighting       | 5 6 8 10 11 12 13 15 17 | 17.2
Long Blades    | 3 4 5 7 8 9 11 12 14 16 17 | 17.2
Dodging        | 3 4 5 6 7 8 9 10 11 12 | 12.2
Invocations    | 3 5 6 7 9 12 15 17 19 | 19.3
Stealth        | 1 3 4 6 |  6.0

Action                   |  1- 3 |  4- 6 |  7- 9 | 10-12 || total
-------------------------+-------+-------+-------+-------++-------
Melee: Falchion          |    29 |    13 |       |       ||    42
       Tailslap          |     2 |     4 |     6 |    35 ||    47
       Scimitar          |       |    13 |    25 |   154 ||   192
Invok: Banish            |       |       |     4 |     7 ||    11
       Brand Weapon With |       |       |       |     1 ||     1
 Abil: Breathe Steam     |       |       |     7 |    17 ||    24
  Use: Potion            |     1 |     2 |     2 |     5 ||    10
       Scroll            |       |       |     2 |     2 ||     4
 Stab: Invisible         |       |     3 |     1 |       ||     4
Armor: Skin              |     9 |     8 |     5 |    25 ||    47
Dodge: Dodged            |    22 |    23 |    16 |    74 ||   135
       Rpst.: Falchion   |     7 |     4 |       |       ||    11
       Scimitar          |       |     2 |     4 |    14 ||    20
